Map: Romanticide LE

Players

Rex

  • Race: Zerg Zerg
  • League: Master
  • Spawn Location: 11:00

Nice - Winner!

  • Race: Protoss Protoss
  • League: Master
  • Spawn Location: 5:00

Event: DreamHack SC2 Masters 2020 Winter

VOD

Have the link to the VOD?

Description

Time

  • Played on: Oct. 24, 2020, 8:56 a.m.
  • Length: 13:57

All games in this series

Show
View Real Time Build Order
Export as new Build Order

Rex Zerg 

Build Orders: Pool First 

Get SALT Encoding   

  12  0:00  Drone  
  13  0:12  Overlord  
  13  0:16  Drone  
  14  0:31  Drone x2  
  16  0:36  Drone  
  16  0:41  Extractor  
  16  0:47  Spawning Pool  
  15  0:51  Drone  
  15  0:56  Drone  
  17  1:06  Drone  
  18  1:33  Hatchery  
  18  1:35  Zergling x4  
  18  1:38  Zergling x2  
  20  1:45  Metabolic Boost  
  20  1:49  Zergling x2  
  21  2:00  Zergling x2  
  22  2:12  Hatchery  
  22  2:18  Hatchery  
  22  2:20  Zergling x2  
  22  2:30  Overlord  
  21  2:37  Zergling x2  
  21  2:43  Zergling x2  
  21  2:53  Zergling x2  
  21  2:56  Queen  
  24  3:04  Zergling x2  
  24  3:16  Zergling x2  
  23  3:27  Zergling x2  
  23  3:29  Zergling x2  
  23  3:33  Hatchery  
  26  3:37  Zergling x2  
  26  3:40  Zergling x2  
  26  3:51  Zergling x2  
  25  3:56  Queen  
  25  3:58  Hatchery  
  25  4:01  Drone, Extractor  
  25  4:11  Overlord  
  25  4:14  Drone x2  
  27  4:19  Drone  
  27  4:30  Drone  
  28  4:32  Queen  
  29  4:39  Drone  
  29  4:45  Drone  
  31  4:48  Drone  
  31  4:49  Drone  
  31  4:50  Queen  
  31  4:51  Drone x2  
  36  4:57  Drone  
  37  5:03  Drone  
  37  5:06  Drone  
  38  5:11  Drone  
  38  5:12  Drone  
  40  5:17  Overlord  
  40  5:18  Drone x3  
  40  5:21  Drone x2  
  44  5:22  Drone  
  44  5:24  Drone  
  47  5:28  Drone  
  47  5:29  Drone  
  47  5:34  Overlord  
  47  5:35  Overlord  
  49  5:40  Drone  
  50  5:43  Drone  
  50  5:46  Drone x2  
  50  5:47  Roach Warren  
  52  5:50  Drone  
  52  5:52  Drone  
  52  5:54  Drone  
  55  6:02  Drone x4  
  55  6:04  Drone  
  60  6:07  Drone  
  60  6:08  Drone  
  62  6:13  Overlord  
  62  6:14  Drone x2  
  62  6:15  Drone, Extractor x2  
  62  6:18  Drone x4  
  67  6:20  Drone  
  68  6:26  Drone, Extractor x2  
  68  6:28  Drone  
  68  6:29  Lair  
  68  6:31  Evolution Chamber  
  67  6:32  Overlord  
  67  6:34  Drone x3  
  67  6:39  Drone  
  69  6:49  Drone  
  69  6:50  Drone x2  
  69  6:55  Drone  
  69  6:56  Drone x6  
  76  7:04  Roach x2, Overlord  
  76  7:05  Extractor, Overlord  
  76  7:06  Roach  
  76  7:08  Zerg Missile Weapons Level 1  
  81  7:11  Roach  
  81  7:13  Overlord  
  83  7:18  Overlord  
  83  7:19  Overlord  
  83  7:25  Roach x2  
  83  7:27  Glial Reconstitution  
  83  7:28  Overseer  
  87  7:30  Drone  
  87  7:31  Drone  
  87  7:32  Roach  
  87  7:35  Roach  
  87  7:36  Roach  
  95  7:40  Roach x5  
  95  7:43  Hatchery  
  104  7:45  Overlord  
  104  7:50  Ravager x3  
  107  7:53  Zergling x8  
  107  7:57  Zergling x4  
  107  7:58  Ravager x2  
  115  8:01  Overlord x3  
  115  8:07  Overlord  
  115  8:09  Overlord  
  115  8:10  Overseer, Overlord  
  115  8:17  Roach x3  
  115  8:18  Overlord  
  115  8:19  Overlord  
  121  8:20  Zergling x2  
  121  8:21  Zergling x2  
  123  8:27  Zergling x8  
  127  8:35  Overlord  
  127  8:36  Roach x2  
  131  8:43  Roach x7  
  131  8:46  Ravager x6  
  151  8:52  Overlord  
  151  8:54  Roach  
  151  8:55  Roach x2  
  157  9:00  Overlord  
  157  9:01  Roach  
  158  9:07  Roach x5  
  168  9:11  Zerg Missile Weapons Level 2  
  168  9:12  Roach  
  168  9:13  Roach  
  172  9:20  Roach x3  
  178  9:30  Roach  
  178  9:31  Roach x5  
  188  9:35  Infestation Pit  
  186  9:45  Drone x10  
  191  9:52  Baneling Nest  
  195  9:54  Baneling Nest  
  195  9:57  Drone x6  
  195  9:59  Extractor  
  191  10:07  Drone x6  
  191  10:14  Hive  
  196  10:17  Ravager  
  196  10:18  Ravager x2  
  199  10:30  Evolution Chamber, Hatchery  
  198  10:40  Centrifical Hooks  
  198  10:41  Spine Crawler  
  198  10:42  Spore Crawler  
  190  10:54  Zergling x40  
  178  10:59  Overseer  
  178  11:00  Roach x2  
  173  11:08  Roach x8  
  172  11:15  Roach x2  
  163  11:25  Ravager x2  
  165  11:33  Ravager x4  
  168  11:41  Zergling x8  
  169  11:49  Viper  
  172  11:56  Drone x3  
  172  11:58  Drone x3  
  172  11:59  Drone  
  172  12:01  Drone x4  
  183  12:04  Drone x2  
  183  12:09  Viper  
  178  12:16  Drone x3  
  181  12:28  Zergling x6  
  181  12:29  Zergling x10  
  189  12:30  Drone x2  
  191  12:43  Baneling x10  
  191  12:44  Hatchery  
  190  12:54  Zergling x12  
  196  12:59  Baneling x3  
  196  13:00  Baneling x7  
  190  13:14  Zergling x18  
  181  13:23  Zergling x4  
  181  13:24  Zergling x18  
  178  13:28  Zergling x8  
Show
View Real Time Build Order
Export as new Build Order

Nice Protoss - Winner!

Build Orders: 1 Gate Expand 

Get SALT Encoding   

  12  0:00  Probe  
  13  0:12  Probe  
  14  0:20  Pylon  
  14  0:24  Probe  
  15  0:29  Assimilator  
  15  0:38  Probe (Chrono Boost)  
  16  0:43  Gateway  
  17  0:50  Probe (Chrono Boost)  
  17  0:55  Probe (Chrono Boost)  
  18  1:04  Probe  
  19  1:16  Probe  
  20  1:23  Nexus  
  20  1:33  Cybernetics Core  
  20  1:39  Zealot (Chrono Boost)  
  22  1:56  Pylon  
  22  2:05  Probe  
  22  2:06  Assimilator  
  23  2:12  Adept (Chrono Boost)  
  25  2:20  Probe  
  26  2:39  Pylon  
  26  2:54  Probe x2  
  26  2:55  Adept (Chrono Boost)  
  30  3:18  Pylon  
  30  3:29  Gateway  
  29  3:34  Adept (Chrono Boost)  
  29  3:38  Warp Gate  
  28  3:49  Shield Battery  
  28  3:53  Probe x2  
  28  3:57  Sentry (Chrono Boost)  
  29  4:05  Probe x2 (Chrono Boost)  
  32  4:17  Probe (Chrono Boost), Sentry  
  32  4:23  Probe (Chrono Boost)  
  34  4:25  Probe (Chrono Boost)  
  34  4:30  Probe (Chrono Boost)  
  35  4:31  Probe  
  36  4:41  Probe  
  36  4:43  Probe  
  38  4:53  Probe (Chrono Boost)  
  38  4:57  Probe (Chrono Boost)  
  40  5:05  Probe (Chrono Boost)  
  41  5:13  Probe x2 (Chrono Boost)  
  43  5:14  Robotics Facility, Twilight Council  
  43  5:20  Probe (Chrono Boost)  
  45  5:25  Probe (Chrono Boost)  
  45  5:30  Probe (Chrono Boost)  
  45  5:34  Probe (Chrono Boost)  
  45  5:35  Probe (Chrono Boost)  
  47  5:36  Forge  
  48  5:44  Pylon, Probe  
  48  5:46  Probe  
  50  5:55  Blink  
  50  5:56  Nexus  
  50  5:57  Pylon  
  50  6:02  Probe (Chrono Boost)  
  52  6:04  Probe (Chrono Boost)  
  52  6:05  Assimilator  
  52  6:06  Assimilator, Observer  
  52  6:08  Protoss Ground Weapons Level 1 (Chrono Boost)  
  53  6:14  Probe (Chrono Boost)  
  55  6:19  Probe (Chrono Boost)  
  55  6:20  Shield Battery, Probe (Chrono Boost)  
  56  6:26  Gateway x2  
  56  6:27  Probe  
  56  6:28  Gateway x2, Probe  
  56  6:32  Stalker  
  60  6:39  Probe  
  61  6:51  Probe x2  
  59  7:03  Probe x2  
  59  7:04  Robotics Bay  
  59  7:05  Pylon  
  59  7:08  Probe, Immortal (Chrono Boost)  
  66  7:10  Pylon  
  66  7:15  Probe x2  
  68  7:16  Sentry x2  
  68  7:20  Probe  
  68  7:21  Zealot x2  
  77  7:23  Zealot x2  
  77  7:27  Probe  
  77  7:29  Photon Cannon, Probe  
  83  7:32  Probe  
  84  7:39  Probe  
  84  7:42  Probe  
  86  7:44  Probe  
  86  7:49  Assimilator  
  86  7:50  Assimilator  
  87  7:51  Pylon, Probe  
  87  7:53  Observer  
  88  7:58  Extended Thermal Lance (Chrono Boost)  
  88  7:59  Gateway  
  88  8:01  Gateway  
  88  8:02  Protoss Ground Weapons Level 2 (Chrono Boost)  
  88  8:06  Colossus (Chrono Boost)  
  88  8:09  Probe x2  
  88  8:10  Probe  
  97  8:16  Sentry x2  
  101  8:22  Pylon x2  
  101  8:24  Pylon  
  101  8:26  Pylon  
  101  8:40  Probe  
  102  8:41  Photon Cannon  
  102  8:42  Photon Cannon  
  102  8:45  Dark Shrine  
  102  8:49  Colossus (Chrono Boost)  
  108  9:08  Pylon  
  108  9:11  Stalker x5  
  108  9:12  Stalker x3  
  124  9:20  Pylon, Shield Battery  
  124  9:21  Charge (Chrono Boost)  
  124  9:24  Pylon  
  124  9:26  Colossus (Chrono Boost)  
  124  9:31  Pylon  
  130  9:49  Stalker x5  
  130  9:50  Stalker x3  
  143  10:09  Nexus  
  143  10:11  Pylon  
  143  10:12  Dark Templar x3  
  149  10:22  Stalker x2  
  149  10:23  Stalker x2, Protoss Ground Weapons Level 3 (Chrono Boost)  
  157  10:32  Photon Cannon, Warp Prism (Chrono Boost)  
  157  10:33  Shield Battery  
  157  10:36  Gravitic Drive, Pylon  
  159  10:43  Probe x3  
  162  10:55  Probe  
  152  11:00  Stalker x4  
  152  11:01  Stalker  
  160  11:05  Sentry  
  160  11:19  Observer  
  149  11:28  Stalker x4  
  149  11:29  Stalker x3  
  149  11:30  Stalker  
  165  11:48  Observer (Chrono Boost)  
  165  11:52  Stalker x3  
  165  11:53  Stalker x3  
  178  11:55  Probe  
  178  11:56  Probe x2  
  178  11:58  Assimilator x2  
  181  12:02  Photon Cannon x2  
  181  12:03  Stalker, Sentry  
  185  12:15  Stalker  
  185  12:20  Gravitic Boosters (Chrono Boost)  
  187  12:36  Pylon  
  187  12:38  Pylon  
  187  12:41  Gateway  
  187  12:43  Gateway  
  187  12:49  Templar Archives  
  187  12:51  Gateway  
  187  12:55  Photon Cannon, Pylon  
  187  12:57  Pylon  
  187  12:58  Dark Templar  
  187  12:59  Dark Templar x3, Zealot x2  
  187  13:00  Gateway  
  187  13:04  Observer  
  190  13:25  Zealot x4  
  188  13:33  Zealot x4  
Tags
 
Add a new tag
Caveats
  • Supply blocks, unpowered buildings, or Contaminate may cause inaccurate times.
  • Supply counts are checked every 10 seconds.